 Dungeon Sprint DCSS version 0.30-a0-34-gbe8da3892a (webtiles) character file.

Game seed: 8378490285192571500

18495 mhtbhm the Sorcerer (level 12, -7/76 HPs)
             Began as a Spriggan Earth Elementalist on Aug 28, 2022.
             Was the Champion of Vehumet.
             Killed from afar by an ice dragon (34 damage)
             ... with a blast of cold
             ... in the Dungeon (Sprint III: "The Ten Rune Challenge").
             The game lasted 00:17:12 (4367 turns).

mhtbhm the Sorcerer (Spriggan Earth Elementalist)   Turns: 4367, Time: 00:17:13

Health: -7/76      AC: 28    Str:  4    XL:     12   Next: 28%
Magic:  12/49      EV: 22    Int: 22    God:    Vehumet [******]
Gold:   186        SH:  0    Dex: 15    Spells: 10/58 levels left

rFire   + . .      SeeInvis +    c - +1 dagger (protect)
rCold   . . .      Faith    .    (no shield)
rNeg    + . .      Spirit   .    (body armour currently unavailable)
rPois   ∞          Reflect  .    (helmet restricted)
rElec   +          Harm     .    g - scarf {repulsion}
rCorr   .          Rampage  .    (gloves unavailable)
Will    ++...      NoTele   +    (boots unavailable)
Stlth   +++.......               (no amulet)
HPRegen 0.22/turn                j - ring of magical power
MPRegen 0.31/turn                p - ring of wizardry

@: statue-form, repel missiles, very slow
A: slow and powerful, torment resistance 1, boosted hp, very small, no large
weapons, unfitting armour, see invisible, (speed 3), fire resistance 1, robust 1
a: End Transformation, Renounce Religion


You were in the Dungeon.
You worshipped Vehumet.
Vehumet was exalted by your worship.
You were a living statue of rough stone.
You visited 1 branch You collected 1935 gold pieces.
You spent 1749 gold pieces at shops.

Inventory:

Hand Weapons
 c - a +1 dagger of protection (weapon)
Missiles
 d - 7 curare-tipped darts
Armour
 a - a +2 robe (melded)
 g - a scarf of repulsion (worn)
Jewellery
 j - a ring of magical power (left fist)
 p - a ring of wizardry (right fist)
Wands
 n - a wand of flame (13)
Scrolls
 i - a scroll of poison
 l - a scroll of amnesia
Potions
 b - 3 potions of magic
 e - 2 potions of haste
 f - a potion of berserk rage
 h - a potion of invisibility {unknown}
 k - 4 potions of flight
 m - a potion of mutation
 q - 4 potions of heal wounds
 r - a potion of curing
Miscellaneous
 o - a phantom mirror


   Skills:
 + Level 2.3 Fighting
 + Level 2.5 Short Blades
 + Level 9.6 Dodging
 + Level 6.7 Stealth
 + Level 23.8 Spellcasting
 + Level 5.6 Conjurations
 + Level 7.4 Transmutations
 + Level 19.2 Earth Magic
 + Level 1.5 Evocations


You had 10 spell levels left.
You knew the following spells:

 Your Spells              Type           Power      Damage    Failure   Level
a - Sandblast             Erth           100%       2d20      0%          1
b - Passwall              Tmut/Erth      59%        N/A       0%          2
c - Stone Arrow           Conj/Erth      100%       3d13      1%          3
d - Petrify               Tmut/Erth      71%        N/A       1%          4
e - Lee's Rapid Deconstr  Erth           42%        3d21*     0%          5
f - Iron Shot             Conj/Erth      34%        9d7       1%          6
g - Orb of Destruction    Conj           25%        9d9       13%         7
h - Leda's Liquefaction   Hex/Erth       31%        N/A       1%          4
i - Borgnjor's Vile Clut  Necr/Erth      31%        N/A       1%          5
j - Statue Form           Tmut/Erth      47%        N/A       1%          6
k - Fireball              Conj/Fire      19%        3d9       1%          5

Your spell library contained the following spells:

 Spells                   Type           Power      Damage    Failure   Level
 Lehudib's Crystal Spear  Conj/Erth      34%        10d9      7%          8
 Tukima's Dance           Hex            26%        N/A       1%          3
 Yara's Violent Unravell  Hex/Tmut       21%        3d10      1%          5
 Cause Fear               Hex            13%        N/A       6%          4
 Passage of Golubria      Tloc           26%        N/A       6%          4
 Dragon Form              Tmut           28%        N/A       24%         7
 Dragon's Call            Summ           13%        N/A       100%        9


Dungeon Overview and Level Annotations

Branches:
Dungeon (1/1)

Altars:
Cheibriados
Dithmenos
Elyvilon
Fedhas
Gozag
Hepliaklqana
Kikubaaqudgha
Makhleb
Nemelex Xobeh
Okawaru
Qazlal
Ru
Sif Muna
Trog
Uskayaw
Vehumet
Wu Jian
Xom
Yredelemnul
Zin
The Shining One
Jiyva
Lugonu

Shops:
D =::!?((=???[

Annotations:
D exclusions: orange crystal statue and 1 more exclusion


Innate Abilities, Weirdness & Mutations

You are a living statue of rough stone.
Your actions are slow, but your melee attacks are powerful.
You are resistant to unholy torment.
Your maximum health is greatly increased.
You are immune to poison.
Your equipment is partially melded.
You are very small and have problems with some larger weapons.
You are too small for most types of armour.
You have supernaturally acute eyesight. (SInv)
((You cover ground extremely quickly. (Speed+++)))
Your flesh is heat resistant. (rF+)
You are robust. (+10% HP)


Message History

Unknown command.
Casting: Lee's Rapid Deconstruction (safe; 0% risk of failure)
Confirm with . or Enter, or press ? or * to list all spells.
Okay, then.
Casting: Lee's Rapid Deconstruction (safe; 0% risk of failure)
Confirm with . or Enter, or press ? or * to list all spells.
Okay, then.
Casting: Lee's Rapid Deconstruction (safe; 0% risk of failure)
Confirm with . or Enter, or press ? or * to list all spells.
Aiming: Iron Shot (dangerous; 1% risk of failure)
Press: ? - help, Shift-Dir - straight line, f/p - ice dragon
Aim: an ice dragon (severely wounded, 81% to hit)
The iron shot hits the ice dragon!!
You kill the ice dragon!
Vehumet accepts your kill.
You feel your power returning. The ice dragon breathes frost at you.
The blast of cold hits you!!
Unknown command.
Unknown command.
Casting: Iron Shot (dangerous; 1% risk of failure)
Confirm with . or Enter, or press ? or * to list all spells.
Aiming: Iron Shot (dangerous; 1% risk of failure)
Press: ? - help, Shift-Dir - straight line, f - ice dragon
Aim: an ice dragon (catching its breath, 81% to hit)
The iron shot hits the ice dragon!!
The ice dragon is moderately wounded.
Unknown command.
Unknown command.
Unknown command.
Casting: Iron Shot (dangerous; 1% risk of failure)
Confirm with . or Enter, or press ? or * to list all spells.
Aiming: Iron Shot (dangerous; 1% risk of failure)
Press: ? - help, Shift-Dir - straight line, f/p - ice dragon
Aim: an ice dragon (moderately wounded, 81% to hit)
The iron shot hits the ice dragon!!
The ice dragon is heavily wounded.
The ice dragon breathes frost at you. The blast of cold hits you!!
You die...

♣.....##......#
#...)P
########'######
#'#### #†♣♣
#..... #♣.♣
#.#### ♣~♣♣ #.#
♣♣~♣ #.# ♣.♣♣
#.# ♣.♣♣ #.#
♣.8♣ #.# ##
♣♣†♣♣ #.#+#.
♣♣D♣ #.#§§§
♣.D♣ #.#§§§
♣.... #....§
♣....~ ######
♣.♣...°
♣♣♣♣♣♣♣♣ ...
...


You could see 2 ice dragons.

Vanquished Creatures
  Sigmund (D)
  Snorg (D)
  A yaktaur captain (D)
  5 ice dragons (D)
  3 hydras (D)
  A centaur warrior (D)
  2 orc high priests (D)
  Urug (D)
  A death drake (D)
  A lindwurm (D)
  An orc knight (D)
  A deep elf pyromancer (D)
  An orc sorcerer (D)
  Edmund (D)
  2 cane toads (D)
  An unseen horror (D)
  A komodo dragon (D)
  3 wandering mushrooms (D)
  A queen bee (D)
  2 tyrant leeches (D)
  A shadow (D)
  3 redbacks (D)
  A spatial vortex (D)
  A hydra simulacrum (D)
  2 centaurs (D)
  An earth elemental (D)
  A necrophage (D)
  A water elemental (D)
  32 killer bees (D)
  An electric eel (D)
  A jelly (D)
  6 orc priests (D)
  A wizard (D)
  Jessica (D)
  4 orc wizards (D)
  A necromancer (D)
  3 humans (D)
  A kobold demonologist (D)
  2 swamp drake simulacra (D)
  A phantom (D)
  8 orcs (D)
  An endoplasm (D)
  2 rats (D)
107 creatures vanquished.

Vanquished Creatures (others)
  10 plants (D)
10 creatures vanquished.

Grand Total: 117 creatures vanquished

Notes
Turn   | Place    | Note
-------+----------+-------------------------------------------
     0 | D        | mhtbhm the Spriggan Earth Elementalist began the quest for
                  | the Orb.
     0 | D        | Reached XP level 1. HP: 9/9 MP: 5/5
     8 | D        | Reached skill level 3 in Spellcasting
    53 | D        | Noticed Jessica
    56 | D        | Killed Jessica
    57 | D        | Reached skill level 4 in Spellcasting
    57 | D        | Reached XP level 2. HP: 13/13 MP: 3/8
    60 | D        | Learned a level 2 spell: Passwall
    67 | D        | Reached XP level 3. HP: 16/16 MP: 3/10
   124 | D        | Learned a level 3 spell: Stone Arrow
   175 | D        | Reached skill level 5 in Spellcasting
   175 | D        | Reached skill level 5 in Earth Magic
   368 | D        | Gained mutation: Your system is resistant to poisons.
                  | (rPois) [potion of mutation]
   368 | D        | Gained mutation: You occasionally lose the ability to read
                  | scrolls when taking damage. [potion of mutation]
   369 | D        | Lost mutation: Your system is resistant to poisons. (rPois)
                  | [potion of mutation]
   369 | D        | Lost mutation: You occasionally lose the ability to read
                  | scrolls when taking damage. [potion of mutation]
   369 | D        | Gained mutation: You are clumsy. (Dex -2) [potion of
                  | mutation]
   369 | D        | Gained mutation: You have a pair of small antennae on your
                  | head. [potion of mutation]
   369 | D        | Gained mutation: Potions are less effective at restoring
                  | your health. [potion of mutation]
   370 | D        | Lost mutation: You are clumsy. (Dex -2) [potion of
                  | mutation]
   370 | D        | Lost mutation: Potions are less effective at restoring your
                  | health. [potion of mutation]
   370 | D        | Lost mutation: You have a pair of small antennae on your
                  | head. [potion of mutation]
   370 | D        | Gained mutation: You are clumsy. (Dex -2) [potion of
                  | mutation]
   370 | D        | Gained mutation: Your mind is acute. (Int +4, Str/Dex -1)
                  | [potion of mutation]
   371 | D        | Lost mutation: You are clumsy. (Dex -2) [potion of
                  | mutation]
   371 | D        | Lost mutation: Your mind is acute. (Int +4, Str/Dex -1)
                  | [potion of mutation]
   371 | D        | Gained mutation: You are robust. (+10% HP) [potion of
                  | mutation]
   371 | D        | Gained mutation: Your flesh is heat resistant. (rF+)
                  | [potion of mutation]
   381 | D        | Noticed a water elemental
   385 | D        | Killed a water elemental
   386 | D        | Reached skill level 6 in Spellcasting
   386 | D        | Reached XP level 4. HP: 23/23 MP: 8/13
   429 | D        | Learned a level 4 spell: Petrify
   435 | D        | Found a radiant altar of Vehumet.
   435 | D        | Found a shimmering blue altar of Sif Muna.
   435 | D        | Found an ancient bone altar of Kikubaaqudgha.
   435 | D        | Noticed a wizard
   437 | D        | Killed a wizard
   438 | D        | Reached skill level 7 in Spellcasting
   441 | D        | Reached XP level 5. HP: 21/26 MP: 9/15
   479 | D        | Became a worshipper of Vehumet
   490 | D        | Found a glowing silver altar of Zin.
   490 | D        | Found a glowing golden altar of the Shining One.
   490 | D        | Found a white marble altar of Elyvilon.
   490 | D        | Noticed a deep elf pyromancer
   493 | D        | Noticed a fire elemental
   493 | D        | Noticed a fire elemental
   495 | D        | Noticed a fire elemental
   495 | D        | Noticed a fire elemental
   495 | D        | Killed a deep elf pyromancer
   496 | D        | Reached skill level 5 in Dodging
   496 | D        | Reached skill level 5 in Stealth
   496 | D        | Reached skill level 11 in Spellcasting
   496 | D        | Reached skill level 10 in Earth Magic
   496 | D        | Reached XP level 6. HP: 30/31 MP: 9/21
   496 | D        | Reached XP level 7. HP: 34/35 MP: 9/22
   574 | D        | Found a basalt altar of Yredelemnul.
   574 | D        | Found a shadowy altar of Dithmenos.
   574 | D        | Found a sacrificial altar of Ru.
   581 | D        | Reached * piety under Vehumet
   581 | D        | Offered knowledge of Magic Dart by Vehumet.
   612 | D        | Found a hide-covered altar of Uskayaw.
   612 | D        | Found an iron altar of Okawaru.
   612 | D        | Found a bloodstained altar of Trog.
   612 | D        | Found an ornate altar of the Wu Jian Council.
   612 | D        | Noticed a human
   612 | D        | Noticed a human
   619 | D        | Killed a human
   620 | D        | Reached skill level 12 in Spellcasting
   627 | D        | Killed a human
   628 | D        | Reached skill level 1 in Fighting
   628 | D        | Reached skill level 13 in Spellcasting
   731 | D        | Noticed a shadow
   736 | D        | Killed a shadow
   736 | D        | Reached ** piety under Vehumet
   737 | D        | Reached XP level 8. HP: 39/40 MP: 23/26
   739 | D        | Offered knowledge of Poisonous Vapours by Vehumet.
   829 | D        | Found a blossoming altar of Fedhas.
   829 | D        | Found a stormy altar of Qazlal.
   829 | D        | Found a snail-covered altar of Cheibriados.
   829 | D        | Found a burning altar of Makhleb.
   829 | D        | Found a shimmering altar of Xom.
   830 | D        | Found a hazy altar of Hepliaklqana.
   830 | D        | Found an opulent altar of Gozag.
   830 | D        | Found a sparkling altar of Nemelex Xobeh.
   830 | D        | Found a corrupted altar of Lugonu.
   830 | D        | Found a viscous altar of Jiyva.
   864 | D        | Noticed Snorg
   953 | D        | Killed Snorg
   953 | D        | Offered knowledge of Ignite Poison by Vehumet.
   954 | D        | Reached skill level 15 in Spellcasting
  1042 | D        | Reached *** piety under Vehumet
  1043 | D        | Reached XP level 9. HP: 45/45 MP: 22/29
  1114 | D        | Noticed an orc high priest
  1241 | D        | Noticed an orc high priest
  1241 | D        | Noticed an orc sorcerer
  1241 | D        | Noticed an orc knight
  1245 | D        | Noticed a hellwing
  1249 | D        | Noticed a soul eater
  1252 | D        | Noticed a soul eater
  1253 | D        | Noticed an ice devil
  1480 | D        | Killed an orc knight
  1480 | D        | Offered knowledge of Inner Flame by Vehumet.
  1481 | D        | Reached skill level 16 in Spellcasting
  1723 | D        | Killed an orc high priest
  1724 | D        | Reached skill level 1 in Conjurations
  1768 | D        | Noticed a sixfirhy
  1768 | D        | Noticed a smoke demon
  1769 | D        | Killed an orc high priest
  1769 | D        | Reached **** piety under Vehumet
  1770 | D        | Reached skill level 17 in Spellcasting
  1770 | D        | Reached skill level 5 in Transmutations
  1776 | D        | Offered knowledge of Lee's Rapid Deconstruction by Vehumet.
  1859 | D        | Killed an orc sorcerer
  1860 | D        | Reached XP level 10. HP: 23/50 MP: 22/32
  1869 | D        | Learned a level 5 spell: Lee's Rapid Deconstruction
  1964 | D        | Reached ***** piety under Vehumet
  1964 | D        | Offered knowledge of Iron Shot by Vehumet.
  1975 | D        | Learned a level 6 spell: Iron Shot
  2024 | D        | Found Ragazump's Jewellery Shop.
  2202 | D        | Noticed a centaur warrior
  2214 | D        | Killed a centaur warrior
  2215 | D        | Reached skill level 18 in Spellcasting
  2215 | D        | Reached skill level 15 in Earth Magic
  2218 | D        | Reached skill level 1 in Short Blades
  2466 | D        | Reached skill level 19 in Spellcasting
  2672 | D        | Offered knowledge of Iskenderun's Battlesphere by Vehumet.
  2673 | D        | Reached ****** piety under Vehumet
  2695 | D        | Reached skill level 20 in Spellcasting
  2925 | D        | Noticed Sigmund
  2925 | D        | Noticed Edmund
  2931 | D        | Killed Sigmund
  2931 | D        | Offered knowledge of Eringya's Noxious Bog by Vehumet.
  2932 | D        | Reached skill level 21 in Spellcasting
  2932 | D        | Reached skill level 1 in Evocations
  2932 | D        | Reached XP level 11. HP: 55/55 MP: 12/37
  2936 | D        | Killed Edmund
  3186 | D        | Noticed a yaktaur captain
  3191 | D        | Killed a yaktaur captain
  3191 | D        | Offered knowledge of Orb of Destruction by Vehumet.
  3276 | D        | Learned a level 7 spell: Orb of Destruction
  3297 | D        | Noticed an orange crystal statue
  3309 | D        | Found Eruaco's Jewellery Shop.
  3309 | D        | Found Lahum's Magic Scroll Boutique.
  3309 | D        | Found Quegodue's Antique Armour Shoppe.
  3309 | D        | Found Xoisirghyrgh's Antique Weapon Boutique.
  3309 | D        | Found Gifoffedwab's Antique Weapon Emporium.
  3309 | D        | Found Musomilo's Distillery.
  3309 | D        | Found Ucuuchul's Magic Scroll Shop.
  3309 | D        | Found Goas's Book Shop.
  3309 | D        | Found Wuytiar's Magic Scroll Emporium.
  3309 | D        | Found Xoixkyx's Book Emporium.
  3309 | D        | Found Kerurheck's Magic Scroll Boutique.
  3358 | D        | Bought the Precepts of Bedrock for 396 gold pieces
  3368 | D        | Bought a runed scarf for 224 gold pieces
  3374 | D        | Bought a ring of magical power for 280 gold pieces
  3375 | D        | Bought a ring of wizardry for 420 gold pieces
  3379 | D        | Bought a potion of heal wounds for 65 gold pieces
  3379 | D        | Bought a potion of heal wounds for 65 gold pieces
  3379 | D        | Bought a potion of heal wounds for 65 gold pieces
  3379 | D        | Bought a potion of curing for 39 gold pieces
  3379 | D        | Bought a potion of heal wounds for 65 gold pieces
  3381 | D        | Bought a potion of haste for 130 gold pieces
  3394 | D        | Learned a level 4 spell: Leda's Liquefaction
  3400 | D        | Learned a level 5 spell: Borgnjor's Vile Clutch
  3407 | D        | Learned a level 6 spell: Statue Form
  3482 | D        | Reached skill level 22 in Spellcasting
  3648 | D        | Noticed a lindwurm
  3651 | D        | Killed a lindwurm
  3653 | D        | Offered knowledge of Fireball by Vehumet.
  3660 | D        | Learned a level 5 spell: Fireball
  3671 | D        | Noticed Urug
  3674 | D        | Killed Urug
  3750 | D        | Noticed an eight-headed hydra
  3750 | D        | Noticed a four-headed hydra
  3754 | D        | Noticed a death drake
  3755 | D        | Killed an eight-headed hydra
  3758 | D        | Killed a four-headed hydra
  3758 | D        | Offered knowledge of Ozocubu's Refrigeration by Vehumet.
  3780 | D        | Killed a death drake
  3902 | D        | Noticed an ice dragon
  3903 | D        | Noticed an ice dragon
  3923 | D        | Noticed an ice dragon
  3928 | D        | Killed an ice dragon
  3929 | D        | Reached skill level 23 in Spellcasting
  3929 | D        | Reached XP level 12. HP: 52/59 MP: 17/40
  3990 | D        | Killed an ice dragon
  3991 | D        | Reached skill level 5 in Conjurations
  4036 | D        | Noticed an ice dragon
  4187 | D        | Noticed an ice dragon
  4193 | D        | Killed an ice dragon
  4220 | D        | Noticed a six-headed hydra
  4228 | D        | Killed a six-headed hydra
  4232 | D        | Killed an ice dragon
  4239 | D        | Noticed an ice dragon
  4356 | D        | Noticed an ice dragon
  4363 | D        | Offered knowledge of Lehudib's Crystal Spear by Vehumet.
  4365 | D        | Killed an ice dragon
  4367 | D        | Killed from afar by an ice dragon

Illustrated notes

Levels and vault maps discovered:
D:        dungeon_sprint_mu [sprint_mu_entry_cave, sprint_mu_temple_rooms,
          sprint_mu_d1_horrors, sprint_mu_d2_genie, sprint_mu_d3_branching,
          sprint_mu_orc_legion, sprint_mu_elf_gauntlet, sprint_mu_hive_nellie,
          sprint_mu_lair_fedhas, sprint_mu_vaults_butterflies,
          sprint_mu_slime_circle, sprint_mu_swamp_cave, sprint_mu_snake_twists,
          sprint_mu_blade_basic, sprint_mu_crypt_fortress,
          sprint_mu_tomb_spiral, sprint_mu_vestibule_basic,
          sprint_mu_gehenna_hellfire, sprint_mu_dis_giant,
          sprint_mu_tartarus_statrot, sprint_mu_cocytus_islands, sprint_mu_zot1]

Skill      XL: |  1  2  3  4  5  6  7  8  9 10 11 12 |
---------------+-------------------------------------+-----
Spellcasting   | 4 6 7 11 13 15 17 21 23 | 23.8
Earth Magic    | 4 6 7 10 11 13 14 17 18 19 | 19.2
Dodging        | 3 4 5 6 8 9 |  9.6
Stealth        | 4 5 6 |  6.7
Transmutations | 2 3 5 6 7 |  7.4
Fighting       | 1 2 |  2.3
Conjurations   | 2 3 4 5 |  5.6
Short Blades   | 1 2 |  2.5
Evocations     | 1 |  1.5

Action                   |  1- 3 |  4- 6 |  7- 9 | 10-12 || total
-------------------------+-------+-------+-------+-------++-------
Melee: Dagger            |       |       |       |    32 ||    32
 Cast: Sandblast         |    15 |     8 |    52 |    26 ||   101
       Passwall          |     1 |       |       |       ||     1
       Stone Arrow       |       |     1 |    20 |    13 ||    34
       Petrify           |       |       |     4 |     5 ||     9
       Lee's Rapid Decon |       |       |       |    38 ||    38
       Iron Shot         |       |       |       |    44 ||    44
       Statue Form       |       |       |       |     9 ||     9
       Orb of Destructio |       |       |       |     1 ||     1
Evoke: Phantom mirror    |       |       |     1 |     2 ||     3
  Use: Potion            |     4 |       |     1 |     2 ||     7
       Scroll            |       |       |     3 |       ||     3
Armor: Robe              |       |       |       |     9 ||     9
       Skin              |       |       |       |    57 ||    57
Dodge: Dodged            |     2 |     4 |    14 |   136 ||   156
       Repelled          |       |       |       |     1 ||     1

Table legend: (Time is in decaauts)
 A = Elapsed time spent in this place.
 B = Non-inter-level travel time spent in this place.
 C = Inter-level travel time spent in this place.
 D = Time resting spent in this place.
 E = Time spent auto-exploring this place.
 F = Levels seen in this place.
 G = Mean time per level.
                   A        B        C        D        E       F      G
               +--------+--------+--------+--------+--------+-----+--------+
         Total |   4231 |   4218 |     13 |   2789 |    225 |   1 | 4231.0 |
       Dungeon |   4231 |   4218 |     13 |   2789 |    225 |   1 | 4231.0 |
               +--------+--------+--------+--------+--------+-----+--------+

Top non-repeatable levels by time:
       D: 4231 daAuts
